 Dungeon Crawl Stone Soup version 0.18-a0-1171-ga8e22e7 (webtiles) character file.

46 Scytalen the Stinger (level 3, -2/28 HPs)
             Began as a Naga Venom Mage on Jan 26, 2016.
             Was an Initiate of Sif Muna.
             Slain by an adder (3 damage)
             ... on level 2 of the Dungeon.
             The game lasted 00:06:14 (2094 turns).

Scytalen the Stinger (Naga Venom Mage)              Turns: 2094, Time: 00:06:15

Health: -2/28      AC:  2    Str: 10    XL:     3   Next: 66%
Magic:  0/6        EV: 10    Int: 16    God:    Sif Muna [......]
Gold:   96         SH:  0    Dex: 11    Spells: 2 memorised, 2 levels left

rFire  . . .     SeeInvis +     e - +0 hunting sling
rCold  . . .     Gourm    .     a - +0 robe
rNeg   . . .     Faith    .     (no shield)
rPois  +         Spirit   .     (no helmet)
rElec  .         Dismiss  .     (no cloak)
rCorr  .         Reflect  .     (no gloves)
SustAt .         Harm     .     (no barding)
MR     .....                    (no amulet)
Stlth  +.........               (no ring)
                                h - ring of loudness (curse)

@: lethally poisoned (-2 -> -7), short of breath, very slightly contaminated,
very slow, not resistant to hostile enchantments, very unstealthy
A: see invisible, deformed body, poison resistance, slowness 2, slow metabolism
1, spit poison 2, AC +1
a: Spit Poison, Renounce Religion


You were on level 2 of the Dungeon.
You worshipped Sif Muna.
Sif Muna was noncommittal.
You were not hungry.

You visited 1 branch of the dungeon, and saw 3 of its levels.

You collected 96 gold pieces.

Inventory:

Hand Weapons
 e - a +0 hunting sling (weapon)
Missiles
 g - 99 stones (quivered)
Armour
 a - a +0 robe (worn)
Jewellery
 h - a cursed ring of loudness (left hand)
Scrolls
 d - 4 scrolls of identify
 j - a scroll of remove curse {unknown}
Potions
 f - a potion of might
Books
 b - a Young Poisoner's Handbook

   Spells                             Type                      Level
   a - Sting                          Conjuration/Poison           1
   b - Cure Poison                    Poison                       2
   c - Mephitic Cloud                 Conjuration/Poison/Air       3
   d - Olgreb's Toxic Radiance        Poison                       4
   e - Venom Bolt                     Conjuration/Poison           5
Comestibles
 c - 3 bread rations
 i - 2 chunks of flesh
 k - a meat ration
 l - a slice of pizza


   Skills:
 - Level 1.5 Dodging
 + Level 3.4 Stealth
 - Level 2.0 Spellcasting
 - Level 2.0 Conjurations
 - Level 6.0 Poison Magic


You had 2 spell levels left.
You knew the following spells:

 Your Spells              Type           Power        Failure   Level  Hunger
a - Sting                 Conj/Pois      ##..         4%          1    #......
b - Mephitic Cloud        Conj/Pois/Air  ##......     21%         3    ###....


Dungeon Overview and Level Annotations

Branches:
Dungeon (3/15)

Altars:
Sif Muna


Innate Abilities, Weirdness & Mutations

You cannot wear boots.
Your serpentine skin is tough (AC +1).
You have supernaturally acute eyesight.
Armour fits poorly on your strangely shaped body.
Your system is resistant to poisons.
You cover ground very slowly.
You have a slow metabolism.
You can spit poison.


Message History

You take 3 damage, and have 3/28 hp.
Firing (i - inventory):
g - 101 stones (quivered)
Press: ? - help, Shift-Dir - straight line, f/p - adder
Aim: an adder (severely wounded)
You shoot a stone. The stone closely misses the adder.
The adder closely misses you. The adder bites you.
* * * LOW HITPOINT WARNING * * *
You are lethally poisoned!
The adder poisons you!
You take 1 damage, and have 2/28 hp.
Drink which item? (? for menu, Esc to quit)
Okay, then.
Firing (i - inventory):
g - 100 stones (quivered)
Press: ? - help, Shift-Dir - straight line, f/p - adder
Aim: an adder (severely wounded)
You shoot a stone. The stone hits the adder.
The adder is almost dead.
* * * LOW HITPOINT WARNING * * *
You feel sick. The adder bites you.
You die...

#.# ######.....## ###
#...[...#...#...#
+................
#......###.###.##
#......# #.# #
#......###'###.#
######...'_###.#
###########.###'###.#
#...=@(...#.# #.#
#....S......# #.#
#.................
#.........###.....
#.........# ###..
#.........# ..
#.........#
#.?..(....#
.......(.+


You could see an adder.

Vanquished Creatures
  An adder (D:3)
  A worm (D:3)
  3 giant geckos (D:1)
  An orc (D:3)
  A bat (D:2)
  5 giant cockroaches
  5 goblins
  4 hobgoblins
  A kobold (D:1)
  2 giant newts
  4 rats
28 creatures vanquished.

Notes
Turn   | Place    | Note
--------------------------------------------------------------
     0 | D:1      | Scytalen the Naga Venom Mage began the quest for the Orb.
     0 | D:1      | Reached XP level 1. HP: 15/15 MP: 3/3
   544 | D:1      | Reached XP level 2. HP: 22/22 MP: 3/5
   649 | D:1      | Reached skill level 1 in Conjurations
  1592 | D:3      | Reached XP level 3. HP: 26/28 MP: 3/6
  1597 | D:3      | Learned a level 3 spell: Mephitic Cloud
  1750 | D:3      | Reached skill level 6 in Poison Magic
  2045 | D:2      | Found a deep blue altar of Sif Muna.
  2053 | D:2      | Became a worshipper of Sif Muna the Loreminder
  2094 | D:2      | HP: 1/28 [poisoned by an adder]
  2094 | D:2      | Slain by an adder

Vault maps used:
D:1:      lemuel_arrival_muddy, serial_bayou_pond_d
D:2:      lemuel_doored_altar
D:3:      cheibriados_altar_wand_db, first_bread

Action                   || total
-------------------------++-------
 Fire: Hunting sling     ||    18
 Cast: Sting             ||    61
 Abil: Spit Poison       ||    14
  Use: Scroll            ||     1
  Eat: Chunk             ||     4
